 Dungeon Crawl Stone Soup version 0.29-a0-219-g0a02b1cf4f (webtiles) character file.

Game seed: 3760227978779281611

42 mopl the Sneak (level 3, -8/24 (26) HPs)
             Began as an Octopode Delver on Feb 25, 2022.
             Mangled by a wight
             ... wielding a +0 mace
              (9 damage)
             ... on level 4 of the Dungeon.
             The game lasted 00:00:31 (350 turns).

mopl the Sneak (Octopode Delver)                     Turns: 350, Time: 00:00:32

HP:   -8/24 (26)    AC:  1    Str: 11    XL:     3   Next: 56%
MP:   3/3           EV: 13    Int: 14    God:
Gold: 13            SH:  0    Dex: 13    Spells: 2/2 levels left

rFire   . . .      SeeInvis .   a - +0 long sword
rCold   . . .      Faith    .   (no shield)
rNeg    . . .      Spirit   .   (helmet restricted)
rPois   .          Reflect  .   (no amulet)
rElec   .          Harm     .   (no ring)
rCorr   .          Rampage  .   (no ring)
Will    .....                   (no ring)
Stlth   ++++......              (no ring)
HPRegen 0.08/turn               (no ring)
MPRegen 0.08/turn               (no ring)
                                (no ring)
                                (no ring)

@: drained
A: almost no armour, amphibious, 8 rings, camouflage 1, gelatinous body 1,
(nimble swimmer 1), tentacles
a: no special abilities


You were on level 4 of the Dungeon.
You visited 1 branch of the dungeon, and saw 2 of its levels.

You collected 13 gold pieces.

Inventory:

Hand Weapons
 a - a +0 long sword (weapon)
Wands
 f - a wand of digging (3)
Scrolls
 b - a scroll of fog
 c - a scroll of magic mapping
 d - a scroll of fear
 g - a scroll of teleportation {unknown}
Potions
 e - a potion of haste


   Skills:
 + Level 3.2 Fighting
 * Level 2.7 Long Blades
 + Level 2.3 Dodging
 + Level 6.9 Stealth
 + Level 1.0 Evocations


You had 2 spell levels left.
You didn't know any spells.
Your spell library contained the following spells:

 Spells                   Type           Power      Damage    Failure   Level
 Magic Dart               Conj           0%         1d3       28%         1
 Searing Ray              Conj           0%         2d4       41%         2
 Fulminant Prism          Conj/Hex       0%         3d6       96%         4


Dungeon Overview and Level Annotations

Branches:
Dungeon (5/15)
 Temple: D:4-7

Altars:


Innate Abilities, Weirdness & Mutations

You cannot wear most types of armour.
You are amphibious.
You can wear up to eight rings at the same time.
Your skin changes colour to match your surroundings (Stealth+).
Your rubbery body absorbs attacks. (AC +1, EV +1)
((You are camouflaged when in or above water. (Stealth+)))
You have tentacles for arms and can constrict up to eight enemies at once.


Message History

The wight is moderately damaged.
You constrict the wight, but do no damage.
The wight barely misses you.
You hit the wight.
The wight is heavily damaged.
You constrict the wight.
The wight hits you with a +0 long sword!
Ouch! That really hurt!
You are too injured to fight recklessly!
You hit the wight. You squeeze the wight.
You destroy the wight!
Your Evocations skill increases to level 1!
You have reached level 2!
You have reached level 3!
Your experience leads to an increase in your attributes!
Increase (S)trength, (I)ntelligence, or (D)exterity?
You feel clever. x2
You start resting.
HP restored.
Found 4 gold pieces.
Found a stone staircase leading up.
Things that are here:
a +0 long sword; a +0 robe 2 wights and an adder come into view.
Things that are here:
a +0 long sword; a +0 robe You barely miss the wight.
Your grab misses the wight. The wight misses you.
You barely miss the wight. You grab the wight. Your squeeze misses the wight.
You constrict the wight, but do no damage.
The wight hits you with a +0 mace!
You feel drained.
You barely miss the wight.
You squeeze the wight, but do no damage.
You constrict the wight. The wight hits you with a +0 mace!
* * * LOW HITPOINT WARNING * * *
You feel drained.
* * * LOW HITPOINT WARNING * * *
You hit the wight.
The wight is heavily damaged.
You constrict the wight. The wight closely misses you.
The wight hits you with a +0 mace!
You die...

#........#
#........#
#........# ######
#.>......#####......
...
#.....).........?...
..<
#......>.###..#####
.$# #........#
##..### ...#
#........#
##...###...#
##########
###@.....# ##z†#.##
#.## #..<)# #.z.####
.S.# .#


You could see a wight.

Vanquished Creatures
  A wight (D:4)
  An orc (D:4)
  A giant cockroach (D:4)
3 creatures vanquished.

Notes
Turn   | Place    | Note
-------+----------+-------------------------------------------
     0 | D:5      | mopl the Octopode Delver began the quest for the Orb.
     0 | D:5      | Reached XP level 1. HP: 16/16 MP: 1/1
   142 | D:4      | Noticed a wight
   146 | D:4      | Killed a wight
   147 | D:4      | Reached skill level 1 in Evocations
   147 | D:4      | Reached XP level 2. HP: 8/21 MP: 2/2
   147 | D:4      | Reached XP level 3. HP: 10/26 MP: 3/3
   349 | D:4      | HP: 1/24 [wight/+0 mace (4)]
   350 | D:4      | Mangled by a wight

Illustrated notes

Levels and vault maps discovered:
D:4:      layout_rooms, hangedman_abyss_or_decor_stabs, uniq_ijyb, uniq_edmund,
          uniq_eustachio
D:5:      lemuel_ratsnest, layout_cave_pools, uniq_blork_the_orc

Skill      XL: |  1 |
---------------+----+-----
Evocations     | 1 |  1.0
Fighting       | |  3.2
Long Blades    | |  2.7
Dodging        | |  2.3
Stealth        | |  6.9

Action                   || total
-------------------------++-------
Melee: Long sword        ||     8
       Tentacles         ||     4
       Constrict         ||     3
       Falchion          ||     2
 Stab: Sleeping          ||     2
Dodge: Dodged            ||     3

Table legend: (Time is in decaauts)
 A = Elapsed time spent in this place.
 B = Non-inter-level travel time spent in this place.
 C = Inter-level travel time spent in this place.
 D = Time resting spent in this place.
 E = Time spent auto-exploring this place.
 F = Levels seen in this place.
 G = Mean time per level.
                   A        B        C        D        E       F      G
               +--------+--------+--------+--------+--------+-----+--------+
         Total |    351 |    351 |      0 |    293 |      8 |   2 |  175.5 |
       Dungeon |    351 |    351 |      0 |    293 |      8 |   2 |  175.5 |
               +--------+--------+--------+--------+--------+-----+--------+

Top non-repeatable levels by time:
     D:4: 338 daAuts
     D:5: 13 daAuts
